AoeStats
← Φ Lechero

Nomad

509703445Analyzed
4v4 RM · 4d ago on Sep 27, 2026· 49m 45s· 8 players
Game mode
Random Map
Map size
231×231
Population
200
Speed
Normal
Resources
Standard
Victory
Conquest
Starting age
Dark Age
Ending age
Imperial Age
RankedLock teamsTeams togetherTeam positionsShared explorationLock speedFull tech treeHidden civsTurbo modeCheats
Victory
Defeat
🇦🇹 Koreans · Austria
1093
+15
🇨🇱 Italians · Chile
1083
+15
🇲🇽 Bohemians · Mexico
1036
+17
🇮🇳 Teutons · India
1035
+17
🇩🇪 Japanese · Germany
1088
-17
🇮🇹 Spanish · Italy
1077
-17
🇬🇧 Sicilians · United Kingdom
1065
-16
🇩🇪 Vikings · Germany
1023
-14
NAMYAR
4:44 Loom
12:45 Feudal Age
13:42 Double-Bit Axe
17:59 Castle Age
16:12 Horse Collar
17:22 Town Watch
18:44 Gold Mining
25:23 Heavy Plow
26:34 Husbandry
30:26 Imperial Age
28:59 Bloodlines
28:55 Scale Barding Armor
29:56 Chain Barding Armor
30:20 Forging
35:05 Iron Casting
37:30 Cavalier
38:59 Conscription
41:04 Plate Barding Armor
41:18 Hauberk
44:09 Blast Furnace
47:06 First Crusade
47:44 Scale Mail Armor
Φ Lechero
13:35 Feudal Age
18:15 Castle Age
19:13 Double-Bit Axe
20:56 Horse Collar
22:58 Loom
23:43 Town Watch
24:06 Squires
23:52 Arson
28:37 Bow Saw
35:31 Imperial Age
35:07 Forging
36:05 Chieftains
36:33 Conscription
37:43 Iron Casting
37:09 Scale Mail Armor
37:08 Elite Berserk
39:47 Gold Mining
40:29 Elite Skirmisher
41:32 Ballistics
42:13 Chemistry
41:05 Fletching
41:16 Padded Archer Armor
43:13 Bodkin Arrow
44:47 Chain Mail Armor
44:55 Stone Mining
46:21 Leather Archer Armor
49:11 Blast Furnace
Francescosti
8:34 Loom
15:48 Feudal Age
16:44 Town Watch
21:24 Castle Age
19:41 Fletching
19:56 Loom
20:55 Fishing Lines
22:12 Bodkin Arrow
39:52 Imperial Age
37:20 Gold Mining
43:02 Conscription
42:37 Horse Collar
44:36 Wheelbarrow
46:37 Bodkin Arrow
47:53 Supremacy
xXTOUROXx
3:48 Loom
16:05 Feudal Age
18:01 Town Watch
21:36 Castle Age
20:02 Stone Mining
20:43 Scale Mail Armor
21:58 Gold Mining
24:02 Fletching
24:10 Fishing Lines
36:39 Imperial Age
37:50 Chain Mail Armor
38:39 Forging
41:03 Double-Bit Axe
[OIDA] NoTradeBeforeImp
4:39 Loom
13:43 Feudal Age
14:10 Town Watch
14:27 Fishing Lines
16:40 Fletching
21:51 Castle Age
24:15 Bodkin Arrow
27:19 Gillnets
28:50 Eupseong
28:46 Double-Bit Axe
29:59 Medium Warships
30:53 Gold Mining
32:46 Murder Holes
33:02 Masonry
34:42 Wheelbarrow
35:26 Town Patrol
35:42 Bow Saw
47:27 Imperial Age
45:49 Stone Mining
46:20 Hand Cart
47:43 Ballistics
47:07 Treadmill Crane
49:35 Arrowslits
50:21 Architecture
Khan Mofeta
4:29 Loom
15:56 Feudal Age
20:19 Castle Age
18:56 Scale Mail Armor
19:37 Horse Collar
19:53 Double-Bit Axe
20:54 Forging
33:09 Imperial Age
31:55 Bow Saw
33:01 Wheelbarrow
34:09 Chemistry
33:30 Ballistics
33:35 Squires
35:07 Hand Cart
36:57 Pikeman
37:54 Chain Mail Armor
38:14 Iron Casting
38:20 Halberdier
45:14 Blast Furnace
46:05 Plate Mail Armor
47:34 Two-Man Saw
GABO
3:58 Loom
14:23 Feudal Age
19:55 Castle Age
18:24 Stone Mining
18:23 Town Watch
19:13 Wheelbarrow
19:42 Gold Mining
19:42 Double-Bit Axe
22:34 Stone Shaft Mining
24:35 Bow Saw
32:44 Imperial Age
31:30 Fletching
31:41 Padded Archer Armor
33:54 Thumb Ring
33:48 Horse Collar
35:10 Two-Man Saw
35:39 Ballistics
37:48 Chemistry
37:33 Conscription
37:14 Crossbowman
39:10 Arbalester
41:34 Leather Archer Armor
42:43 Hand Cart
42:28 Town Patrol
43:21 Masonry
44:20 Bloodlines
44:12 Husbandry
47:07 Light Cavalry
48:06 Town Patrol
47:47 Hussar
48:45 Scale Barding Armor
Boxster553
3:50 Loom
14:15 Feudal Age
19:14 Castle Age
17:15 Fishing Lines
21:17 Double-Bit Axe
22:11 Wheelbarrow
21:21 Town Watch
22:15 Bow Saw
21:49 Horse Collar
22:45 Heavy Plow
23:34 Hand Cart
24:18 Stone Mining
24:24 Gold Mining
27:37 Town Patrol
27:45 Gillnets
35:40 Imperial Age
33:14 Fletching
33:25 Padded Archer Armor
33:47 Ballistics
33:38 Masonry
34:18 Bodkin Arrow
35:22 Squires
35:12 Arson
35:39 Forging
35:30 Scale Mail Armor
37:34 Iron Casting
37:35 Chain Mail Armor
38:41 Chemistry
38:08 Conscription
37:09 Elite Teutonic Knight
39:42 Hoardings
41:19 Stone Shaft Mining
42:57 Siege Engineers
44:35 Blast Furnace
44:08 Plate Mail Armor
44:36 Crenellations
45:40 Ironclad
Connection lost

Rejoining the realm…

Still unreachable

The connection could not be restored.

Session expired

The server has moved on; the page needs a fresh start.